 Dungeon Crawl Stone Soup version 0.28-a0-384-g9e0c098162 (webtiles) character file.

Game seed: 8274502688025053518

74 SkeletonJelly the Slasher (level 4, -2/36 HPs)
             Began as a Barachi Chaos Knight on Sept 3, 2021.
             Was a Plaything of Xom.
             Slain by a gnoll (12 damage)
             ... on level 3 of the Dungeon.
             The game lasted 00:02:26 (2078 turns).

SkeletonJelly the Slasher (Barachi Chaos Knight)    Turns: 2078, Time: 00:02:27

Health: -2/36      AC:  5    Str: 15    XL:     4   Next: 28%
Magic:  4/4        EV: 11    Int: 12    God:    Xom [....*.]
Gold:   77         SH:  0    Dex: 11    Spells: 3/3 levels left

rFire   . . .      SeeInvis .   a - +0 falchion (chaos)
rCold   . . .      Faith    .   (no shield)
rNeg    . . .      Spirit   .   b - +2 leather armour
rPois   .          Reflect  .   (no helmet)
rElec   .          Harm     .   (no cloak)
rCorr   .          Rampage  .   (no gloves)
Will    .....                   (no boots)
Stlth   +.........              (no amulet)
HPRegen 0.12/turn               (no ring)
MPRegen 0.09/turn               (no ring)

@: slow
A: amphibious, slowness 1, strong legs 1, +LOS
a: Hop, Renounce Religion


You were on level 3 of the Dungeon.
You worshipped Xom.
You were a beloved toy of Xom.
You visited 1 branch of the dungeon, and saw 3 of its levels.

You collected 77 gold pieces.

Inventory:

Hand Weapons
 a - a +0 falchion of chaos (weapon)
 n - a +4 short sword
Armour
 b - a +2 leather armour (worn)
Scrolls
 c - a scroll of noise {unknown}
 d - a scroll of immolation
 f - a scroll of amnesia {unknown}
 i - 2 scrolls of identify {unknown}
 j - a scroll of blinking {unknown}
 k - a scroll of teleportation {unknown}
Potions
 e - a potion of flight {unknown}
 g - 2 potions of heal wounds {unknown}
 h - a potion of curing {unknown}
 l - a potion of magic {unknown}
 m - 2 potions of haste {unknown}


   Skills:
 - Level 3.6 Fighting
 + Level 6.0 Long Blades
 - Level 2.4 Armour
 - Level 1.1 Dodging


You had 3 spell levels left.
You didn't know any spells.
Your spell library was empty.

Dungeon Overview and Level Annotations

Branches:
Dungeon (3/15)

Altars:


Innate Abilities, Weirdness & Mutations

You are amphibious.
You cover ground slowly.
You can hop short distances.
You have an extended range of vision and can be seen from far away.


Message History

No target in view!
No target in view!
No target in view!
No target in view!
No target in view!
No target in view!
You see here a +4 short sword.
n - a +4 short sword Key pressed, stopping explore.
Things that are here:
a +0 club; a +0 ring mail An orc is nearby!
An orc is nearby!
An orc is nearby!
An orc is nearby!
The orc shouts!
The orc shouts!
The orc hits you from afar with a +0 trident.
You take 3 damage, and have 33/36 hp.
The orc barely misses you. The orc closely misses you.
You closely miss the orc. The orc completely misses you. x2
You hit the orc. You freeze the orc.
The orc is almost dead.
The orc barely misses you. The orc hits you with a +0 whip.
You take 1 damage, and have 32/36 hp.
You hit the orc but do no damage.
The orc is almost dead.
The orc hits you but does no damage.
You hit the orc but do no damage.
The orc is poisoned.
The orc is almost dead.
The orc misses you. The orc closely misses you.
You hit the orc but do no damage.
The orc suddenly stops moving!
The orc is almost dead.
The orc closely misses you. x2
The helpless orc fails to defend itself.
You hit the orc but do no damage.
The orc is almost dead.
The orc misses you. The orc hits you but does no damage.
The helpless orc fails to defend itself.
You hit the orc.
You kill the orc!
The orc hits you with a +0 short sword. The orc closely misses you.
Your Long Blades skill increases to level 6!
You take 4 damage, and have 29/36 hp.
You hit the orc.
The orc is poisoned.
The orc is moderately wounded.
The orc drinks a potion.
The orc suddenly seems more resistant.
The orc misses you.
You slash the orc!
You kill the orc!
The orc hits you with a +0 whip.
You take 4 damage, and have 25/36 hp.
You slash the orc!
You kill the orc!
No target in view!
No target in view!
No target in view!
No target in view!
No target in view!
Key pressed, stopping explore.
Key pressed, stopping explore.
Things that are here:
a +0 trident; 2 boomerangs; a +0 chain mail Health restored: 36 You see here a +0 short sword.
Things that are here:
a +0 whip; a +0 leather armour
Things that are here:
a +0 trident; 2 boomerangs; a +0 chain mail
Found a whip.
Found 12 stones. 2 gnolls come into view.
The gnoll shouts!
There are monsters nearby!
A gnoll comes into view. It is wielding a +0 flail.
Xom makes a sudden noise!
You hear a splashing noise.
You are now a beloved toy of Xom.
You slash the gnoll!
The gnoll is severely wounded.
The gnoll hits you with a +0 whip.
You take 4 damage, and have 32/36 hp.
You hit the gnoll.
The gnoll goes berserk!
Xom thinks this is hilarious!
The gnoll is severely wounded.
The gnoll hits you with a +0 whip.
You take 6 damage, and have 26/36 hp.
You barely miss the gnoll.
The gnoll is severely wounded.
The gnoll barely misses you. The gnoll hits you with a +0 whip.
You take 6 damage, and have 20/36 hp.
You hit the gnoll.
The gnoll is almost dead.
The gnoll hits you with a +0 whip!
* * * LOW HITPOINT WARNING * * *
You take 10 damage, and have 10/36 hp.
MASSIVE DAMAGE!!
You hit the gnoll but do no damage.
The gnoll is almost dead.
The gnoll hits you with a +0 whip!
You die...
Xom roars with laughter!

........ #...... ..........#
#...... ..........# ####......
.......... ###.........
.............# ............
.............# #.........
............# #.........
............######## ###....#....
.............ggg@..###...#..#....
............######...............
............# ####.##.####....
..$.........# #.#..# #....
...!........# #.#.## #....
....#....(..# #.#.# ###....
###.###..#..### #.#.###...... #.
##.#....#######...##..##..# #.
#...................###...


You could see 3 gnolls.

Vanquished Creatures
  2 adders
  A worm (D:2)
  2 dart slugs
  4 orcs (D:3)
  3 giant cockroaches (D:1)
  2 hobgoblins
  6 jackals
  A quokka (D:1)
  6 ball pythons
  6 bats
  2 frilled lizards
  3 goblins
  2 kobolds
  4 rats
44 creatures vanquished.

Notes
Turn   | Place    | Note
-------+----------+-------------------------------------------
     0 | D:1      | SkeletonJelly the Barachi Chaos Knight began the quest for
                  | the Orb.
     0 | D:1      | Reached XP level 1. HP: 18/18 MP: 1/1
    34 | D:1      | Reached skill level 4 in Long Blades
    41 | D:1      | Found a faded altar of an unknown god.
    97 | D:1      | XOM: divination: magic mapping
   111 | D:1      | Reached XP level 2. HP: 22/24 MP: 2/2
   146 | D:1      | XOM: potion effect (curing)
   536 | D:1      | You fall into a shaft and drop 1 floor!
   614 | D:1      | Reached XP level 3. HP: 29/29 MP: 3/3
   617 | D:1      | Reached skill level 5 in Long Blades
  1285 | D:2      | XOM: silly message
  1554 | D:3      | Reached XP level 4. HP: 18/36 MP: 4/4
  1945 | D:3      | Reached skill level 6 in Long Blades
  2065 | D:3      | XOM: noise
  2078 | D:3      | Slain by a gnoll

Illustrated notes

Levels and vault maps discovered:
D:1:      minmay_arrival_semitransparent, layout_basic,
          hellmonk_ecumenical_altar_blasted
D:2:      layout_basic, serial_glass, glass_columns_c, glass_columns_a,
          glass_columns_a, glass_columns_c, glass_columns_a, glass_columns_b,
          glass_columns_b, glass_columns_b, grunt_ministairs_11
D:3:      layout_rooms

Skill      XL: |  1  2  3  4 |
---------------+-------------+-----
Long Blades    | 4 5 6 |  6.0
Fighting       | |  3.6
Armour         | |  2.4
Dodging        | |  1.1

Action                   |  1- 3 |  4- 6 || total
-------------------------+-------+-------++-------
Melee: Falchion          |   109 |    29 ||   138
 Stab: Paralysed         |       |     2 ||     2
Armor: Leather armour    |    54 |     5 ||    59
Dodge: Dodged            |   100 |    18 ||   118

Table legend: (Time is in decaauts)
 A = Elapsed time spent in this place.
 B = Non-inter-level travel time spent in this place.
 C = Inter-level travel time spent in this place.
 D = Time resting spent in this place.
 E = Time spent auto-exploring this place.
 F = Levels seen in this place.
 G = Mean time per level.
                   A        B        C        D        E       F      G
               +--------+--------+--------+--------+--------+-----+--------+
         Total |   2354 |   2229 |    125 |      0 |   1874 |   3 |  784.7 |
       Dungeon |   2354 |   2229 |    125 |      0 |   1874 |   3 |  784.7 |
               +--------+--------+--------+--------+--------+-----+--------+

Top non-repeatable levels by time:
     D:1: 990 daAuts
     D:2: 768 daAuts
     D:3: 595 daAuts
